 Dungeon Crawl Stone Soup version 0.18-a0-1577-gf591c28 (webtiles) character file.

7 Duffy the Sneak (level 2, 22/22 HPs)
             Began as a Naga Wizard on Mar 18, 2016.
             Quit the game on level 1 of the Dungeon.
             The game lasted 00:00:51 (566 turns).

Duffy the Sneak (Naga Wizard)                        Turns: 566, Time: 00:00:52

Health: 22/22      AC:  1    Str:  9    XL:     2   Next: 4%
Magic:  6/6        EV:  9    Int: 18    God:
Gold:   21         SH:  0    Dex:  9    Spells: 2 memorised, 4 levels left

rFire  . . .     SeeInvis +     (no weapon)
rCold  . . .     Gourm    .     a - +0 robe
rNeg   . . .     Faith    .     (no shield)
rPois  +         Spirit   .     b - +0 hat
rElec  .         Dismiss  .     (no cloak)
rCorr  .         Reflect  .     (no gloves)
SustAt .         Harm     .     (no barding)
MR     .....                    (no amulet)
Stlth  +.........               (no ring)
                                f - ring of loudness (curse)

@: very slow, not resistant to hostile enchantments, very unstealthy
A: see invisible, deformed body, poison resistance, slowness 2, slow metabolism
1, spit poison 2, AC +0
a: Spit Poison


You were on level 1 of the Dungeon.
You were not hungry.

You visited 1 branch of the dungeon, and saw 1 of its levels.

You collected 21 gold pieces.


Innate Abilities, Weirdness & Mutations

You cannot wear boots.
Your serpentine skin is tough (AC +0).
You have supernaturally acute eyesight.
Armour fits poorly on your strangely shaped body.
Your system is resistant to poisons.
You cover ground very slowly.
You have a slow metabolism.
You can spit poison.


   Skills:
 + Level 1.6 Dodging
 + Level 3.6 Stealth
 + Level 3.0 Spellcasting
 + Level 1.3 Conjurations
 - Level 1.0 Summonings
   Level 1.0 Translocations


You had 4 spell levels left.
You knew the following spells:

 Your Spells              Type           Power        Failure   Level  Hunger
a - Magic Dart            Conj           #...         12%         1    None
i - Call Imp              Summ           #.......     17%         2    ##.....

Inventory:

Armour
 a - a +0 robe (worn)
 b - a +0 hat (worn)
Jewellery
 f - a cursed ring of loudness (left hand)
Scrolls
 e - a scroll of immolation {unknown}
Books
 c - a book of Minor Magic
Comestibles
 d - a bread ration

Dungeon Overview and Level Annotations

Branches:
Dungeon (1/15)

Altars:


Message History

The giant cockroach barely misses you. The giant cockroach bites you.
Cast which spell? (? or * to list)
Aiming: Magic Dart
Press: ? - help, Shift-Dir - straight line, f/p - giant cockroach
Aim: a giant cockroach (moderately wounded, clinging)
The magic dart hits the giant cockroach.
The giant cockroach is moderately wounded.
The giant cockroach bites you.
You have got your breath back.
The giant cockroach barely misses you.
There is an open door here.
Press: ? - help, Shift-Dir - straight line, f/p - giant cockroach
Aim: a giant cockroach (moderately wounded, clinging)
The splash of poison hits the giant cockroach.
The giant cockroach is poisoned.
You kill the giant cockroach!
You have reached level 2!
You feel slightly more hungry.
You have got your breath back.
Your magical contamination has completely faded away.
HP restored.
A hobgoblin comes into view. It is wielding a club.
The hobgoblin moves out of view.
Cast which spell? (? or * to list)
You can't see any susceptible monsters within range! (Use Z to cast anyway.) Memorise Call Imp, consuming 2 spell levels and leaving 4?
You start memorising the spell.
You continue memorising. x2
You finish memorising.
Spell assigned to 'b'.
Adjust (i)tems, (s)pells, or (a)bilities?
Adjust which spell? b - Call Imp Adjust to which letter? i - Call Imp Are you sure you want to abandon this character and quit the game? (Confirm with "yes".)

......# #.# ......# #.#
.###### #.## (..########
#.. ##......... ...
#.....%... #.#
#.######## #.# ##.# #.#
.#.# #@######.
.#.#############........
.#......................
.#.#########.##########.
.'...................
.#.######.##.########
.#.# #.##......... ##.#
#.##.######## #.# #.##.#


There were no monsters in sight!

Action                   || total
-------------------------++-------
 Cast: Magic Dart        ||    13
 Abil: Spit Poison       ||     6

Notes
Turn   | Place    | Note
--------------------------------------------------------------
     0 | D:1      | Duffy the Naga Wizard began the quest for the Orb.
     0 | D:1      | Reached XP level 1. HP: 15/15 MP: 4/4
   189 | D:1      | Reached XP level 2. HP: 1/22 MP: 0/6
   566 | D:1      | Learned a level 2 spell: Call Imp
   566 | D:1      | Quit the game

Vault maps used:
D:1:      tarquinn_simple_flora_water_b

Vanquished Creatures
  A dart slug
  A giant cockroach
  A hobgoblin
  A giant newt
  A kobold
  A rat
6 creatures vanquished.
